AoeStats
← ollie1001

Golden Pit

507258729Analyzed
1v1 RM · 13d ago on Sep 17, 2026· 44m 31s· 2 players
Game mode
Random Map
Map size
Tiny (2 player)
Population
200
Speed
Normal
Resources
Standard
Victory
Conquest
Starting age
Dark Age
Ending age
Imperial Age
RankedLock teamsTeams togetherTeam positionsShared explorationLock speedFull tech treeHidden civsTurbo modeCheats
Victory
Defeat
🇿🇦 Huns · South Africa
717
+15
🇬🇧 Celts · United Kingdom
694
-15
ollie1001
7:52 Loom
10:24 Feudal Age
13:50 Wheelbarrow
14:03 Horse Collar
14:30 Man-at-Arms
15:05 Gold Mining
23:59 Castle Age
22:16 Double-Bit Axe
23:26 Stone Mining
24:26 Scale Mail Armor
24:37 Forging
25:17 Stone Shaft Mining
24:06 Light Cavalry
25:40 Town Watch
27:38 Gold Shaft Mining
27:06 Husbandry
27:35 Heavy Plow
29:19 Stronghold
31:04 Elite Skirmisher
34:28 Bow Saw
34:35 Hand Cart
38:28 Imperial Age
36:29 Fletching
36:40 Padded Archer Armor
36:54 Treadmill Crane
37:09 Murder Holes
37:35 Ballistics
37:46 Pikeman
39:02 Leather Archer Armor
38:42 Bodkin Arrow
39:01 Arrowslits
40:33 Masonry
41:33 Hoardings
42:00 Fortified Wall
44:11 Scale Barding Armor
44:56 Siege Engineers
Germand
4:36 Loom
11:21 Feudal Age
12:33 Double-Bit Axe
16:29 Horse Collar
19:12 Wheelbarrow
20:49 Town Watch
26:20 Castle Age
24:44 Padded Archer Armor
25:01 Scale Mail Armor
25:07 Fletching
26:21 Stone Mining
26:23 Gold Mining
26:41 Scale Barding Armor
27:15 Heavy Plow
31:07 Hand Cart
33:18 Town Patrol
36:53 Imperial Age
35:14 Leather Archer Armor
34:55 Bodkin Arrow
38:03 Crossbowman
38:05 Elite Skirmisher
38:07 Pikeman
Connection lost

Rejoining the realm…

Still unreachable

The connection could not be restored.

Session expired

The server has moved on; the page needs a fresh start.